Map: Eternal Empire LE

Players

Scarlett

  • Race: Zerg Zerg
  • Spawn Location: 7:00

maru - Winner!

  • Race: Terran Terran
  • League: Platinum
  • Spawn Location: 1:00

VOD

Have the link to the VOD?

Description

Time

  • Played on: Jan. 7, 2020, 7:24 p.m.
  • Length: 13:00
Show
View Real Time Build Order
Export as new Build Order

Scarlett Zerg 

Build Orders: Hatch First, Muta Ling Bane 

Get SALT Encoding   

  12  0:00  Drone  
  13  0:12  Overlord  
  13  0:17  Drone  
  14  0:30  Drone x2  
  16  0:47  Hatchery  
  15  0:51  Drone  
  15  0:54  Drone  
  17  0:57  Drone  
  18  1:09  Extractor  
  17  1:13  Spawning Pool  
  17  1:16  Drone  
  17  1:20  Drone  
  18  1:28  Drone  
  19  1:38  Overlord  
  19  1:49  Drone  
  20  1:59  Queen x2  
  20  2:00  Zergling x4  
  26  2:09  Metabolic Boost  
  26  2:12  Drone  
  26  2:13  Drone  
  28  2:21  Drone x2  
  29  2:37  Drone  
  29  2:38  Hatchery  
  29  2:43  Overlord  
  29  2:45  Drone  
  29  2:48  Drone  
  31  2:54  Drone x2  
  31  2:57  Queen  
  35  3:05  Drone x2  
  37  3:09  Drone x3  
  40  3:16  Overlord  
  40  3:18  Drone  
  41  3:28  Drone x2  
  43  3:34  Queen  
  43  3:39  Drone x2  
  43  3:41  Drone x3  
  49  3:47  Overlord  
  50  3:50  Queen  
  50  3:51  Queen  
  54  3:56  Drone x2  
  56  4:04  Overlord  
  56  4:05  Drone x5  
  61  4:11  Drone x4  
  61  4:16  Lair  
  65  4:20  Extractor x2  
  65  4:22  Zergling x2  
  65  4:23  Drone x3, Overlord  
  67  4:26  Queen  
  69  4:31  Zergling x6  
  69  4:38  Extractor, Drone x2  
  72  4:39  Extractor  
  72  4:40  Extractor  
  72  4:41  Baneling Nest  
  72  4:43  Drone x4  
  73  4:48  Drone x2  
  73  4:50  Queen  
  77  4:54  Drone  
  77  4:57  Drone, Evolution Chamber  
  77  4:59  Drone  
  81  5:00  Drone x2, Evolution Chamber  
  81  5:01  Drone  
  81  5:04  Pneumatized Carapace  
  81  5:09  Overlord  
  81  5:12  Overlord x2  
  81  5:16  Overseer  
  81  5:18  Overlord  
  81  5:23  Overlord  
  81  5:26  Zerg Ground Armor Level 1, Zerg Melee Weapons Level 1  
  81  5:28  Centrifical Hooks  
  81  5:30  Drone  
  81  5:32  Drone  
  81  5:33  Drone x2  
  85  5:36  Drone  
  85  5:37  Drone x2  
  85  5:39  Zergling x4  
  90  5:43  Zergling x8  
  90  5:47  Zergling x6  
  90  5:48  Baneling  
  90  5:49  Baneling  
  97  5:51  Baneling x4  
  97  5:52  Baneling  
  97  5:53  Baneling x2  
  97  5:55  Zergling x4  
  99  6:01  Spire  
  99  6:02  Zergling x4  
  100  6:05  Drone  
  100  6:06  Zergling x2  
  100  6:07  Zergling x4  
  100  6:10  Zergling x4  
  100  6:11  Zergling x4  
  108  6:16  Drone x2  
  110  6:26  Hatchery  
  110  6:30  Drone x2  
  111  6:42  Hatchery  
  111  6:43  Overlord x2  
  110  6:49  Zergling x12  
  110  6:51  Hatchery, Overlord x2  
  115  6:55  Drone  
  115  6:56  Spore Crawler  
  115  7:00  Overlord  
  115  7:07  Zergling x2  
  115  7:08  Zergling x16  
  124  7:11  Drone  
  124  7:12  Drone  
  125  7:21  Baneling x8  
  123  7:29  Zergling x16  
  126  7:36  Zergling x2  
  126  7:37  Zergling x10  
  118  7:49  Zergling x4  
  118  7:50  Zergling x2  
  106  7:53  Zerg Melee Weapons Level 2, Zerg Ground Armor Level 2  
  106  7:55  Mutalisk, Baneling x3  
  106  7:56  Mutalisk, Baneling x5  
  108  8:00  Mutalisk x5, Zerg Flyer Weapons Level 1  
  118  8:06  Baneling x7  
  118  8:11  Drone x4  
  118  8:12  Infestation Pit  
  121  8:20  Overseer  
  121  8:24  Mutalisk x5  
  131  8:30  Zergling x10  
  134  8:35  Zergling x2  
  134  8:36  Zergling x10  
  134  8:41  Drone x5  
  145  8:46  Overseer  
  139  8:59  Mutalisk x5  
  145  9:03  Drone x9  
  145  9:06  Extractor x2  
  145  9:09  Zergling x14  
  144  9:13  Zergling x8  
  148  9:17  Hive  
  148  9:22  Mutalisk x3  
  154  9:30  Zergling x2  
  154  9:31  Zergling x2, Hatchery  
  156  9:33  Baneling x5  
  154  9:41  Baneling x5  
  154  9:42  Zergling x10  
  154  9:43  Baneling x3  
  154  9:44  Baneling x2  
  154  9:45  Baneling  
  159  9:46  Zergling x2  
  159  9:47  Overlord  
  159  9:49  Overlord  
  159  9:51  Baneling x6  
  160  9:54  Drone  
  160  9:55  Zergling x6  
  160  9:56  Zergling x4  
  160  9:58  Baneling  
  160  9:59  Baneling x6  
  166  10:04  Zergling x2  
  166  10:05  Zergling x6  
  166  10:08  Baneling x4  
  166  10:09  Baneling x5  
  147  10:24  Zergling x36  
  147  10:25  Baneling x4  
  147  10:26  Baneling x2  
  162  10:29  Baneling x5  
  146  10:46  Zergling x16  
  146  10:47  Zergling x16  
  146  10:50  Zergling x2  
  143  11:02  Hatchery  
  143  11:03  Adrenal Glands  
  138  11:10  Zergling x10  
  139  11:21  Hatchery  
  138  11:26  Zergling x12  
  138  11:27  Zergling x2  
  138  11:30  Zergling x6  
  136  11:42  Corruptor x3  
  136  11:45  Overlord  
  136  11:46  Overlord  
  142  11:51  Baneling x11  
  142  11:54  Baneling x4  
  142  11:57  Baneling x4  
  142  11:59  Baneling x2  
  142  12:02  Overseer x2  
  142  12:04  Baneling x4  
  131  12:18  Zergling x22  
  131  12:21  Zergling x6  
  128  12:26  Zergling x2  
  128  12:27  Zergling x6  
  122  12:31  Zergling x8  
  122  12:36  Baneling x2  
  122  12:37  Zergling x10  
  129  12:38  Baneling x3  
Show
View Real Time Build Order
Export as new Build Order

maru Terran - Winner!

Build Orders: Reaper Expand 

Get SALT Encoding   

  12  0:00  SCV  
  13  0:13  SCV  
  14  0:17  Supply Depot  
  14  0:25  SCV  
  15  0:38  SCV  
  15  0:39  Barracks  
  16  0:43  Refinery  
  16  0:50  SCV  
  17  1:03  SCV  
  18  1:15  SCV  
  19  1:26  Reaper  
  19  1:27  Orbital Command  
  20  1:40  Command Center  
  20  1:53  SCV  
  21  1:54  Supply Depot  
  21  1:58  Marine  
  22  2:05  SCV  
  23  2:09  Factory  
  23  2:17  SCV  
  23  2:22  Barracks Reactor  
  24  2:29  SCV  
  25  2:41  SCV  
  26  2:48  Command Center  
  26  2:53  SCV  
  26  2:55  Orbital Command  
  27  3:05  Hellion x2  
  31  3:07  SCV  
  31  3:09  Barracks Tech Lab  
  32  3:16  Barracks  
  32  3:19  SCV  
  33  3:24  SCV  
  34  3:28  Marine  
  34  3:29  Stimpack  
  34  3:34  SCV  
  36  3:35  Hellion  
  36  3:36  SCV  
  36  3:39  Hellion  
  41  3:43  Refinery  
  41  3:46  SCV, Marine  
  43  3:52  SCV  
  44  3:58  SCV  
  44  4:02  Orbital Command  
  45  4:08  SCV  
  45  4:10  SCV, Factory Reactor  
  45  4:11  Starport  
  45  4:12  Marine  
  45  4:13  Marine x2  
  49  4:17  Refinery  
  49  4:20  SCV  
  49  4:21  Supply Depot  
  49  4:22  SCV  
  51  4:29  SCV  
  52  4:32  SCV  
  52  4:34  SCV, Engineering Bay  
  52  4:35  Engineering Bay  
  52  4:36  Marine  
  52  4:37  Marine x2  
  57  4:42  SCV  
  57  4:44  SCV  
  59  4:46  Supply Depot  
  59  4:53  Medivac x2  
  59  4:55  Factory Tech Lab  
  59  4:56  Marine x3  
  59  4:57  SCV  
  59  4:58  SCV, Orbital Command  
  68  5:09  Combat Shield, Supply Depot  
  68  5:10  SCV x2  
  68  5:14  Marine x3  
  70  5:21  Terran Infantry Weapons Level 1  
  73  5:30  SCV x3  
  73  5:31  Barracks  
  73  5:32  Marine, Barracks x2  
  77  5:36  Siege Tank  
  77  5:41  Terran Infantry Armor Level 1  
  80  5:43  SCV, Supply Depot  
  80  5:45  Marine x2, Refinery  
  80  5:47  SCV  
  80  5:48  SCV  
  85  5:59  Supply Depot  
  85  6:00  Supply Depot  
  85  6:04  Marine  
  85  6:05  SCV x2, Medivac x2  
  85  6:10  SCV  
  93  6:20  Barracks Reactor x3  
  93  6:21  SCV  
  93  6:22  SCV  
  93  6:23  SCV, Supply Depot  
  96  6:26  Supply Depot  
  96  6:33  SCV, Siege Tank  
  96  6:34  SCV  
  96  6:39  SCV, Marine  
  102  6:40  Marine x2  
  102  6:44  Armory  
  102  6:45  SCV  
  102  6:47  SCV  
  107  6:50  Missile Turret x2  
  107  6:51  Missile Turret  
  107  6:54  Supply Depot  
  107  6:56  Supply Depot  
  107  6:57  Marine  
  107  6:59  Marine x3  
  111  7:03  SCV x3  
  111  7:08  Siege Tank  
  117  7:09  Marine x2  
  117  7:15  SCV x3  
  121  7:17  Marine  
  121  7:18  Marine  
  124  7:27  Marine x3, SCV x2  
  124  7:28  SCV  
  130  7:33  Refinery x2  
  130  7:34  Factory  
  130  7:39  SCV, Marine  
  130  7:41  Command Center  
  130  7:49  Marine  
  130  7:50  Marine x2  
  130  7:51  Marine x3  
  114  7:55  Marine x2, Siege Tank  
  114  7:57  Marine  
  121  8:04  Drilling Claws  
  121  8:07  Marine  
  121  8:08  Marine x3, Supply Depot, Terran Infantry Weapons Level 2, Terran Infantry Armor Level 2  
  121  8:09  Terran Vehicle And Ship Armor Level 1  
  125  8:14  Marine  
  125  8:15  Marine x4  
  125  8:16  Medivac x2  
  134  8:20  Factory Reactor  
  134  8:25  Marine  
  134  8:26  Marine  
  136  8:30  Marine x2  
  136  8:32  Marine x2  
  136  8:33  Marine x2  
  142  8:35  Thor  
  148  8:41  Supply Depot  
  148  8:44  Supply Depot  
  146  8:56  Marine  
  146  8:57  Marine x6  
  146  9:01  Widow Mine x2  
  154  9:10  Marine, Marauder  
  154  9:14  SCV x3, Marine  
  154  9:16  Missile Turret, Supply Depot  
  161  9:17  Supply Depot  
  161  9:18  Thor  
  161  9:22  Marine x6  
  161  9:23  Widow Mine  
  175  9:27  Marine  
  175  9:31  Marine  
  176  9:35  Missile Turret  
  176  9:37  Barracks x2  
  176  9:38  Barracks  
  174  9:39  Marine x2  
  174  9:44  Marine  
  177  9:47  Marine  
  177  9:52  Widow Mine x2  
  182  9:54  Medivac x2  
  184  10:07  Planetary Fortress  
  184  10:08  Marine  
  184  10:09  Marine x5  
  184  10:10  Widow Mine  
  160  10:24  Marine x3  
  160  10:26  Marine x3, Barracks Tech Lab x3  
  163  10:30  Thor  
  168  10:40  Marine  
  168  10:41  Marine x2  
  168  10:42  Marine x3  
  154  10:43  SCV  
  154  10:44  Marine  
  128  10:58  Marine  
  128  10:59  Marauder  
  128  11:02  Marine, Marauder x2  
  128  11:03  Marine x3, Widow Mine, Marauder  
  128  11:04  Widow Mine  
  137  11:13  Command Center  
  137  11:14  Thor, Medivac x2  
  147  11:20  Marauder  
  149  11:30  Marine x6, Marauder x2  
  149  11:31  Marauder  
  160  11:38  Widow Mine x2  
  164  11:41  Marine  
  164  11:42  Marine x2  
  167  11:48  Marine x2  
  167  11:51  Concussive Shells  
  167  11:52  Marauder x2  
  167  11:53  Marine, Marauder  
  176  11:56  Marine x2  
  176  11:57  Marine  
  176  11:59  Marine x2  
  176  12:00  Widow Mine, Marauder  
  185  12:10  Marine x2  
  185  12:13  Marauder x2  
  185  12:15  Marauder  
  182  12:17  Marine x2  
  182  12:19  Marine  
  182  12:20  Marine x2  
  182  12:21  Marine, Marauder  
  161  12:28  Marine x2  
  152  12:34  Marine, Marauder  
  152  12:35  Marine x3  
  152  12:36  Widow Mine x3  
  164  12:37  Marine  
  164  12:38  Marine x3  
Tags
 
Add a new tag
Caveats
  • Supply blocks, unpowered buildings, or Contaminate may cause inaccurate times.
  • Supply counts are checked every 10 seconds.